 Dungeon Crawl Stone Soup version 0.31-a0-240-gb923e448b6 (webtiles) character file.

Game seed: 7388583628999878434

1 Nattfarinn the Grave Robber (level 1, -1/13 HPs)
             Began as a Vampire Necromancer on July 12, 2023.
             Slain by a jackal (3 damage)
             ... on level 1 of the Dungeon.
             The game lasted 00:00:42 (54 turns).

Nattfarinn the Grave Robber (Vampire Necromancer)     Turns: 54, Time: 00:00:42

Health: -1/13      AC:  2    Str:  7    XL:     1   Next: 16%
Magic:  0/3        EV: 12    Int: 17    God:
Gold:   5          SH:  0    Dex: 14    Spells: 3/4 levels left

rFire   . . .        (no weapon)
rCold   . . .        (no shield)
rNeg    . . .        a - +0 robe
rPois   .            (no helmet)
rElec   .            (no cloak)
rCorr   .            (no gloves)
SInv    +            (no boots)
Will    .....        (no amulet)
Stlth   ++           (no ring)
HPRegen 0.42/turn    (no ring)
MPRegen 0.08/turn

%: no passive effects
@: healing quickly
A: alive, fangs 3, see invisible, vampiric 1
a: Exsanguinate


You were on level 1 of the Dungeon.
You visited 1 branch of the dungeon, and saw 1 of its levels.

You collected 5 gold pieces.

Inventory:

Armour
 a - a +0 robe (worn)
Potions
 b - a potion of magic


   Skills:
 - Level 2.1 Dodging
 - Level 3.0 Stealth
 + Level 2.0 Spellcasting
 * Level 4.4 Necromancy


You had 3 spell levels left.
You knew the following spells:

 Your Spells              Type           Power      Damage    Failure   Level
a - Necrotise             Necr           64%        1d7       3%          1

Your spell library contained the following spells:

 Spells                   Type           Power      Damage    Failure   Level
 Vampiric Draining        Necr           16%        2d7       10%         3
 Animate Dead             Necr           16%        N/A       30%         4
 Agony                    Necr           16%        N/A       65%         5


Dungeon Overview and Level Annotations

Branches:
Dungeon (1/15)

Altars:


Innate Abilities, Weirdness & Mutations

Your natural rate of healing is accelerated.
You have razor-sharp teeth.
You have supernaturally acute eyesight. (SInv)
You are afflicted with vampirism.


Message History

You kill the jackal!
The jackal completely misses you.
The jackal bites you but does no damage.
The jackal attacks as you move away! The jackal misses you.
Found 5 stones.
You hit the jackal but do no damage. You closely miss the jackal.
The jackal bites you. x2
The jackal bites you but does no damage.
You barely miss the jackal. The jackal bites you. x2
You barely miss the jackal. Your bite misses the jackal.
The jackal barely misses you.
The jackal misses you. x2; The jackal bites you.
You barely miss the jackal. The jackal bites you.
The jackal closely misses you.
You hit the jackal.
The jackal is lightly wounded.
The jackal bites you.
The jackal bites you but does no damage.
You are too injured to fight recklessly!
You are too injured to fight recklessly!
You are too injured to fight recklessly!
Casting: Necrotise (safe; 3% risk of failure)
Confirm with . or Enter, or press ? or * to list all spells.
Aiming: Necrotise (safe; 3% risk of failure)
Press: ? - help, Shift-Dir - straight line, f - jackal
Aim: a jackal (lightly wounded, chance to affect: 86%)
The jackal writhes in agony.
The jackal bites you.
* * * LOW HITPOINT WARNING * * *
The jackal bites you.
* * * LOW HITPOINT WARNING * * *
The jackal bites you but does no damage.
The jackal barely misses you.
Casting: Necrotise (safe; 3% risk of failure)
Confirm with . or Enter, or press ? or * to list all spells.
Aiming: Necrotise (safe; 3% risk of failure)
Press: ? - help, Shift-Dir - straight line, f/p - jackal
Aim: a jackal (severely wounded, chance to affect: 86%)
The jackal writhes in agony.
You kill the jackal!
The dead are walking!
The jackal bites you.
You die...

###### #..'.###
#.<#...# ####''##
(#.. #(..# ...
♣♣♣#.♣.# ###..
♣8♣#...#
....#♣Z♣#'''#..#
.####..#.@........#
.......#h########.#
........l........
..
...........###..##
.
#.#####...........
..................
....##...........
.##.##....###..##
..##.......###..#


You could see a jackal (ally target), a frilled lizard and a friendly jackal
skeleton.

Vanquished Creatures
  2 jackals (D:1)
2 creatures vanquished.

Notes
Turn   | Place    | Note
-------+----------+-------------------------------------------
     0 | D:1      | Nattfarinn the Vampire Necromancer began the quest for the
                  | Orb.
     0 | D:1      | Reached XP level 1. HP: 13/13 MP: 3/3
    54 | D:1      | Slain by a jackal

Illustrated notes

Levels and vault maps discovered:
D:1:      sevenhm_arrival_forest_fort_small_3, layout_basic, serial_shops, shop

Action                     || total
---------------------------++-------
  Melee: Unarmed           ||    14
   Cast: Necrotise         ||     5
 Armour: Robe              ||     5
  Dodge: Dodged            ||    17

Table legend: (Time is in decaauts)
 A = Elapsed time spent in this place.
 B = Non-inter-level travel time spent in this place.
 C = Inter-level travel time spent in this place.
 D = Time resting spent in this place.
 E = Time spent auto-exploring this place.
 F = Levels seen in this place.
 G = Mean time per level.
                   A        B        C        D        E       F      G
               +--------+--------+--------+--------+--------+-----+--------+
         Total |     54 |     54 |      0 |      0 |     23 |   1 |   54.0 |
       Dungeon |     54 |     54 |      0 |      0 |     23 |   1 |   54.0 |
               +--------+--------+--------+--------+--------+-----+--------+

Top non-repeatable levels by time:
     D:1: 54 daAuts
